 Dungeon Crawl Stone Soup version 0.27-a0-1200-g94dc6ad4cf (webtiles) character file.

Game seed: 17789334852926576441

179 Gargoyl the Skirmisher (level 5, -1/47 HPs)
             Began as a Gnoll Abyssal Knight on May 30, 2021.
             Was a Follower of Lugonu.
             Slain by an orc warrior
             ... wielding a +0 glaive
              (6 damage)
             ... on level 3 of the Dungeon.
             The game lasted 00:04:19 (2991 turns).

Gargoyl the Skirmisher (Gnoll Abyssal Knight)       Turns: 2991, Time: 00:04:19

Health: -1/47      AC:  9    Str: 13    XL:     5   Next: 59%
Magic:  8/8        EV: 11    Int: 11    God:    Lugonu [*.....]
Gold:   265        SH:  0    Dex: 11    Spells: 7/7 levels left

rFire    . . .     SeeInvis .   j - +2 lajatang
rCold    . . .     Faith    .   (shield currently unavailable)
rNeg     . . .     Spirit   .   l - +0 ring mail
rPois    .         Reflect  .   (no helmet)
rElec    .         Harm     .   (no cloak)
rCorr    .         Rampage  .   (no gloves)
Will     .....                  e - +2 pair of boots {Fly}
Stlth    +.........             (no amulet)
HPRegen  0.15/turn              (no ring)
MPRegen  0.11/turn              (no ring)

@: flying
A: fangs 1, strong nose, distributed training
a: Renounce Religion, Depart the Abyss


You were on level 3 of the Dungeon.
You worshipped Lugonu.
Lugonu was aware of your devotion.
You visited 1 branch of the dungeon, and saw 4 of its levels.
You visited the Abyss 1 time.

You collected 265 gold pieces.

Inventory:

Hand Weapons
 a - a +1 hand axe
 j - a +2 lajatang (weapon)
Armour
 e - a +2 pair of boots of flying (worn)
 l - a +0 ring mail (worn)
Scrolls
 b - 3 scrolls of enchant armour {unknown}
 d - 3 scrolls of teleportation
 g - 3 scrolls of identify
Potions
 c - a potion of brilliance
 h - a potion of mutation {unknown}
 k - 3 potions of curing {unknown}


   Skills:
 + Level 6.7 Fighting
 + Level 1.5 Short Blades
 + Level 1.5 Long Blades
 + Level 4.8 Axes
 + Level 1.5 Maces & Flails
 + Level 1.5 Polearms
 + Level 1.5 Staves
 + Level 1.5 Slings
 + Level 1.5 Bows
 + Level 1.5 Crossbows
 + Level 1.5 Throwing
 + Level 4.8 Armour
 + Level 3.0 Dodging
 + Level 1.5 Stealth
 + Level 1.5 Shields
 + Level 1.5 Unarmed Combat
 + Level 1.5 Spellcasting
 + Level 1.2 Conjurations
 + Level 1.2 Hexes
 + Level 1.2 Summonings
 + Level 1.2 Necromancy
 + Level 1.2 Translocations
 + Level 1.2 Transmutations
 + Level 1.2 Fire Magic
 + Level 1.2 Ice Magic
 + Level 1.2 Air Magic
 + Level 1.2 Earth Magic
 + Level 1.2 Poison Magic
 + Level 4.9 Invocations
 + Level 1.5 Evocations


You had 7 spell levels left.
You didn't know any spells.
Your spell library was empty.

Dungeon Overview and Level Annotations

Branches:
Dungeon (4/15)
 Temple: D:4-7

Altars:
Gozag
Zin


Innate Abilities, Weirdness & Mutations

You have very sharp teeth.
Your uncanny sense of smell can sniff out nearby items.
Your experience applies equally to all skills.


Message History

You fly downwards.
There is a stone staircase leading up here.
The orc warrior hits you from afar with a +0 glaive!
The orc wizard casts a spell at itself.
The orc wizard flickers and vanishes!
Deactivating autopickup; reactivate with Ctrl-A.
You fly upwards.
Reactivating autopickup.
There is a stone staircase leading down here.
There is a stone staircase leading down here.
There is a stone staircase leading down here.
You start resting.
HP restored.
You fly downwards.
The orc warrior closely misses you.
The orc wizard points at itself and mumbles some strange words.
The orc wizard flickers and vanishes!
Deactivating autopickup; reactivate with Ctrl-A.
The orc warrior hits you with a +0 glaive.
There is a stone staircase leading up here.
The orc warrior closely misses you.
You fly upwards.
Reactivating autopickup.
There is a stone staircase leading down here.
Unknown command.
Unknown command.
You hit the orc warrior but do no damage.
The orc warrior closely misses you.
You closely miss the orc warrior. Your bite misses the orc warrior.
The orc warrior completely misses you.
You closely miss the orc warrior.
The orc warrior hits you with a +0 glaive!
The orc warrior closely misses you.
You hit the orc warrior but do no damage.
The orc warrior hits you with a +0 glaive!
You slash the orc warrior!
The orc warrior is heavily wounded.
The orc warrior hits you with a +0 glaive!!
* * * LOW HITPOINT WARNING * * *
The orc warrior hits you from afar with a +0 glaive.
You die...

#########....###
#####......####....#
..##'....÷P# #....#
..#.#.÷.÷^.# #....#
..#.#.PPP..# #....#
..#.#...÷÷.####....#
#'#)#P.P÷..##......#
#.#.#......#####.###
#.#.#P..P..# #.@#
##.##......####>.#
#############...o#
###### ######.#
.....## #.# #.#
>.....# #.# #.#
#.....# #.# #.#
##....# ###.####.#
....#.# #.....##.#


You could see an orc warrior.

Vanquished Creatures
  3 jellies (D:3)
  2 adders
  2 worms
  3 dart slugs
  3 orcs (D:3)
  10 endoplasms
  2 giant cockroaches
  2 goblins
  2 hobgoblins
  3 jackals (D:2)
  12 kobolds
  2 quokkas (D:1)
  3 ball pythons
  3 bats
  3 frilled lizards
  A rat (D:1)
56 creatures vanquished.

Vanquished Creatures (others)
  4 fungi (D:3)
  6 toadstools (D:3)
10 creatures vanquished.

Grand Total: 66 creatures vanquished

Notes
Turn   | Place    | Note
-------+----------+-------------------------------------------
     0 | Abyss:1  | Gargoyl the Gnoll Abyssal Knight began the quest for the
                  | Orb.
     0 | Abyss:1  | Reached XP level 1. HP: 23/23 MP: 3/3
   106 | Abyss:2  | Noticed a stone giant zombie
   121 | Abyss:2  | Noticed an ancient zyme
   123 | D:1      | Escaped the Abyss
   343 | D:1      | Reached XP level 2. HP: 29/29 MP: 5/5
   494 | D:1      | Reached * piety under Lugonu
   901 | D:2      | Reached XP level 3. HP: 29/35 MP: 6/6
  1021 | D:2      | Found a faded altar of an unknown god.
  1735 | D:3      | Found an opulent altar of Gozag.
  1735 | D:3      | Found a glowing silver altar of Zin.
  1918 | D:3      | Reached skill level 1 in Short Blades
  1918 | D:3      | Reached skill level 1 in Long Blades
  1918 | D:3      | Reached skill level 1 in Maces & Flails
  1918 | D:3      | Reached skill level 1 in Polearms
  1918 | D:3      | Reached skill level 1 in Staves
  1918 | D:3      | Reached skill level 1 in Slings
  1918 | D:3      | Reached skill level 1 in Bows
  1918 | D:3      | Reached skill level 1 in Crossbows
  1918 | D:3      | Reached skill level 1 in Throwing
  1918 | D:3      | Reached skill level 1 in Stealth
  1918 | D:3      | Reached skill level 1 in Shields
  1918 | D:3      | Reached skill level 1 in Unarmed Combat
  1918 | D:3      | Reached skill level 1 in Spellcasting
  1918 | D:3      | Reached skill level 1 in Evocations
  1985 | D:3      | Reached XP level 4. HP: 35/41 MP: 7/7
  2113 | D:3      | Reached skill level 1 in Conjurations
  2113 | D:3      | Reached skill level 1 in Hexes
  2113 | D:3      | Reached skill level 1 in Summonings
  2113 | D:3      | Reached skill level 1 in Necromancy
  2113 | D:3      | Reached skill level 1 in Translocations
  2113 | D:3      | Reached skill level 1 in Transmutations
  2113 | D:3      | Reached skill level 1 in Fire Magic
  2113 | D:3      | Reached skill level 1 in Ice Magic
  2113 | D:3      | Reached skill level 1 in Air Magic
  2113 | D:3      | Reached skill level 1 in Earth Magic
  2113 | D:3      | Reached skill level 1 in Poison Magic
  2128 | D:3      | Reached XP level 5. HP: 18/47 MP: 8/8
  2542 | D:3      | Reached ** piety under Lugonu
  2809 | D:4      | Noticed an orc warrior
  2991 | D:3      | Slain by an orc warrior

Illustrated notes

Levels and vault maps discovered:
D:1:      lightli_arrival_chessboard, layout_basic, minmay_door_square
D:2:      layout_basic, hellmonk_ecumenical_altar_lost_god
D:3:      cheibrodos_fertilizer, layout_rooms,
          grunt_temple_overflow_gold_and_silver, kennysheep_generic_room_8
D:4:      layout_loops_corners, uniq_menkaure

Skill      XL: |  1  2  3  4  5 |
---------------+----------------+-----
Short Blades   | 1 |  1.5
Long Blades    | 1 |  1.5
Maces & Flails | 1 |  1.5
Polearms       | 1 |  1.5
Staves         | 1 |  1.5
Slings         | 1 |  1.5
Bows           | 1 |  1.5
Crossbows      | 1 |  1.5
Throwing       | 1 |  1.5
Stealth        | 1 |  1.5
Shields        | 1 |  1.5
Unarmed Combat | 1 |  1.5
Spellcasting   | 1 |  1.5
Evocations     | 1 |  1.5
Conjurations   | 1 |  1.2
Hexes          | 1 |  1.2
Summonings     | 1 |  1.2
Necromancy     | 1 |  1.2
Translocations | 1 |  1.2
Transmutations | 1 |  1.2
Fire Magic     | 1 |  1.2
Ice Magic      | 1 |  1.2
Air Magic      | 1 |  1.2
Earth Magic    | 1 |  1.2
Poison Magic   | 1 |  1.2
Dodging        | 3 |  3.0
Fighting       | |  6.7
Axes           | |  4.8
Armour         | |  4.8
Invocations    | |  4.9

Action                   |  1- 3 |  4- 6 || total
-------------------------+-------+-------++-------
Melee: Hand axe          |    30 |       ||    30
       Lajatang          |    77 |    48 ||   125
       Bite              |     4 |     2 ||     6
Throw: Dart              |       |     4 ||     4
Invok: Depart the Abyss  |     1 |       ||     1
  Use: Scroll            |     8 |       ||     8
       Potion            |     2 |       ||     2
Armor: Leather armour    |    38 |       ||    38
       Ring mail         |    22 |    17 ||    39
Dodge: Dodged            |   110 |    25 ||   135

Table legend: (Time is in decaauts)
 A = Elapsed time spent in this place.
 B = Non-inter-level travel time spent in this place.
 C = Inter-level travel time spent in this place.
 D = Time resting spent in this place.
 E = Time spent auto-exploring this place.
 F = Levels seen in this place.
 G = Mean time per level.
                   A        B        C        D        E       F      G
               +--------+--------+--------+--------+--------+-----+--------+
         Total |   3038 |   2888 |    150 |    313 |   1988 |   6 |  506.3 |
       Dungeon |   2914 |   2764 |    150 |    313 |   1915 |   4 |  728.5 |
         Abyss |    123 |    123 |      0 |      0 |     73 |   2 |   61.5 |
               +--------+--------+--------+--------+--------+-----+--------+

Top non-repeatable levels by time:
     D:3: 1280 daAuts
     D:2: 935 daAuts
     D:1: 605 daAuts
     D:4: 93 daAuts
 Abyss:2: 75 daAuts
 Abyss:1: 47 daAuts
